cohdb
Replays
Latest Replays
All Replays
Popular Replays
Top Player Replays
Match Explorer
How It Works
Community
CoH3 Stats
Reddit
Sign in to upload your games and track your stats! →
Sign in with Steam
Match 44828105
Unlisted
Match 44828105
Overview
Messages
Build Orders
End
Panzergrenadier Squad
250 Light Carrier
Selects Italian Infantry
Panzergrenadier Squad
Construct Light Support Kompanie
2.5-tonne Medical Truck
Selects Defensive Operations
Assault Grenadier Squad
Fire Support Elements
Panzergrenadier Squad
Pak 38 Anti-tank Gun Team
Selects Guastatori Squad
le.IG 18 Support Gun Team
le.IG 18 Support Gun Team
Construct Panzerarmee Kommand
HulkHoden
Schokobällchen
Ciallo~(∠・ω<)⌒☆
[XGEN] Zero Triplex
Serial Chiller
Volodryn
SlimshadyNL
Dudulu
0
0
Comments
sign in to comment!
No comments posted yet!